 Dungeon Crawl Stone Soup version 0.27-a0-1084-g78b3836a5f (webtiles) character file.

Game seed: 111829922750274398

630 robertstho the Magician (level 7, -7/45 HPs)
             Began as a Djinni Fire Elementalist on Apr 26, 2021.
             Mangled by a killer bee (8 damage)
             ... on level 5 of the Dungeon.
             The game lasted 00:06:41 (4827 turns).

robertstho the Magician (Djinni Fire Elementalist)  Turns: 4827, Time: 00:06:41

Health: -7/45      AC:  3    Str:  7    XL:     7   Next: 48%
Gold:   147        EV: 12    Int: 19    God:
                   SH:  0    Dex: 13

rFire    + + +     SeeInvis .   g - +2 short sword (elec)
rCold    . . .     Faith    .   (no shield)
rNeg     . . .     Spirit   .   a - +0 robe
rPois    ∞         Reflect  .   (no helmet)
rElec    +         Harm     .   (no cloak)
rCorr    +         Rampage  .   i - +0 pair of gloves
Will     .....                  (boots unavailable)
Stlth    ++........             (no amulet)
HPRegen  0.15/turn              d - ring of resist corrosion
MPRegen  0.00/turn              (no ring)

@: resistant, flying, very slightly contaminated
A: fire resistance 2, cold vulnerability 1, float, innate caster, hp casting,
extra vitality 1
a: no special abilities


You were on level 5 of the Dungeon.
You visited 1 branch of the dungeon, and saw 5 of its levels.

You collected 147 gold pieces.

Inventory:

Hand Weapons
 g - a +2 short sword of electrocution (weapon)
 l - a +0 dagger of venom
Missiles
 b - 4 javelins
Armour
 a - a +0 robe (worn)
 i - a +0 pair of gloves (worn)
Jewellery
 d - a ring of resist corrosion (left hand)
Scrolls
 c - 3 scrolls of identify
 o - a scroll of blinking
Potions
 e - a potion of resistance
 f - a potion of cancellation {unknown}
 h - 2 potions of haste
 j - a potion of might {unknown}
 k - a potion of lignification {unknown}
 m - a potion of ambrosia {unknown}
 n - a potion of curing {unknown}
 p - a potion of invisibility {unknown}
 q - 2 potions of attraction {unknown}


   Skills:
 + Level 0.2 Fighting
 + Level 2.6 Dodging
 + Level 2.4 Stealth
 * Level 6.8 Spellcasting


You couldn't memorise any spells.
You knew the following spells:

 Your Spells              Type           Power      Damage    Failure   Level
a - Foxfire               Conj/Fire      100%       2x1d9     1%          1
b - Conjure Flame         Conj/Fire      32%        6-21      1%          3
c - Inner Flame           Hex/Fire       32%        N/A       1%          3
d - Sticky Flame          Conj/Fire      32%        2d5       6%          4
e - Fireball              Conj/Fire      16%        3d8       17%         5
f - Summon Small Mammal   Summ           100%       N/A       1%          1
g - Slow                  Hex            32%        N/A       1%          2
h - Tukima's Dance        Hex            32%        N/A       1%          3
Your spell library was empty.

Dungeon Overview and Level Annotations

Branches:
Dungeon (5/15)
 Temple: D:4-7

Altars:
Makhleb
The Shining One


Innate Abilities, Weirdness & Mutations

You are immune to poison.
Your flesh is very heat resistant. (rF++)
You are vulnerable to cold. (rC-)
You float through the air rather than walking.
You learn spells naturally, not from books.
Your magical power is your life essence.
You have superior vitality. (+4 HP)


Message History

The killer bee burns!
The killer bee barely misses you. x2
A bullfrog zombie comes into view.
The killer bee burns!
The killer bee stings you.
There is an open door here.
You hear the rapid hiss of a very distant avalanche of sand.
The killer bee burns!
You kill the killer bee!
Casting: Sticky Flame (dangerous; 7% risk of failure)
Confirm with . or Enter, or press ? or * to list all spells.
Aiming: Sticky Flame (dangerous; 7% risk of failure)
Press: ? - help, Shift-Dir - straight line, f - killer bee
Aim: a killer bee (100% to hit)
The sticky flame hits the killer bee.
The killer bee is moderately wounded.
The killer bee is covered in liquid flames!
The killer bee burns!
The killer bee stings you but does no damage.
The killer bee stings you.
The killer bee burns!
The killer bee completely misses you.
The killer bee burns!
You kill the killer bee!
The killer bee stings you!
* * * LOW HITPOINT WARNING * * *
Casting: Sticky Flame (dangerous; 6% risk of failure)
Confirm with . or Enter, or press ? or * to list all spells.
Aiming: Sticky Flame (dangerous; 6% risk of failure)
Press: ? - help, Shift-Dir - straight line, f - killer bee
Aim: a killer bee (100% to hit)
You miscast Sticky Flame.
You are very lightly contaminated with residual magic.
Nothing appears to happen.
* * * LOW HITPOINT WARNING * * *
The killer bee closely misses you. x2; The killer bee stings you.
* * * LOW HITPOINT WARNING * * *
The killer bee stings you.
* * * LOW HITPOINT WARNING * * *
It was a potion of resistance.
You feel protected. The killer bee barely misses you.
The killer bee stings you!
You die...

#.....# #.....# . #.....# ..
#.....#### ..y
#######........# ....
#..........>...# ..Z..
#..............#
......####..y...#.......######
......'.†'.Sy@..'.............
......####......#.........####
.#### #......#.......<.####
#......#...)..)...|#.
#.........##.........
#######......))........
'.....'.......)........
#####.......)........
#####............


You could see 2 killer bees and an adder.

Vanquished Creatures
  A black bear (D:5)
  2 ogres (D:5)
  A phantom (D:5)
  A scorpion (D:5)
  2 killer bees (D:5)
  A centaur zombie (D:5)
  4 adders
  A shadow imp (D:5)
  An ufetubus (D:5)
  2 dart slugs
  6 orcs (D:5)
  4 bats
  7 endoplasms
  4 giant cockroaches
  7 goblins
  3 hobgoblins
  3 jackals (D:3)
  A quokka (D:1)
  4 ball pythons
  7 frilled lizards
  3 kobolds (D:1)
  3 rats
68 creatures vanquished.

Vanquished Creatures (others)
  263 foxfires
263 creatures vanquished.

Grand Total: 331 creatures vanquished

Notes
Turn   | Place    | Note
-------+----------+-------------------------------------------
     0 | D:1      | robertstho the Djinni Fire Elementalist began the quest for
                  | the Orb.
     0 | D:1      | Reached XP level 1. HP: 15/15 MP: 0/0
   438 | D:1      | Reached skill level 3 in Spellcasting
   522 | D:1      | Reached XP level 2. HP: 19/21 MP: 0/0
   687 | D:1      | Found a faded altar of an unknown god.
  1300 | D:2      | Reached XP level 3. HP: 21/25 MP: 0/0
  1300 | D:2      | Learned a level 1 spell: Summon Small Mammal
  2008 | D:2      | Reached skill level 4 in Spellcasting
  2008 | D:2      | Reached XP level 4. HP: 24/31 MP: 0/0
  2356 | D:2      | Found a burning altar of Makhleb.
  3782 | D:3      | Found a glowing golden altar of the Shining One.
  4104 | D:4      | Noticed a scorpion
  4150 | D:5      | Entered Level 5 of the Dungeon
  4357 | D:5      | Noticed a scorpion
  4364 | D:5      | Killed a scorpion
  4365 | D:5      | Reached XP level 5. HP: 30/35 MP: 0/0
  4365 | D:5      | Learned a level 2 spell: Slow
  4376 | D:5      | Noticed a black bear
  4389 | D:5      | Killed a black bear
  4390 | D:5      | Reached skill level 5 in Spellcasting
  4390 | D:5      | Reached XP level 6. HP: 18/40 MP: 0/0
  4609 | D:5      | Reached skill level 6 in Spellcasting
  4650 | D:5      | Reached XP level 7. HP: 39/45 MP: 0/0
  4650 | D:5      | Learned a level 3 spell: Tukima's Dance
  4826 | D:5      | HP: 1/45 [killer bee (3)]
  4827 | D:5      | Mangled by a killer bee

Illustrated notes

Levels and vault maps discovered:
D:1:      nzn_arrival_settlement, layout_basic, shapermc_ecumenical_altar_gd,
          minmay_misc_feat_pillars
D:2:      layout_loops_corners, basic_altar, dk_noncrumbling_3
D:3:      layout_basic, tso_altar
D:4:      layout_loops_ring
D:5:      layout_basic, amcnicky_altar_gilded, temple_fountains, enter_ossuary_4

Skill      XL: |  1  2  3  4  5  6 |
---------------+-------------------+-----
Spellcasting   | 3 4 5 6 |  6.8
Stealth        | 2 |  2.4
Fighting       | |  0.2
Dodging        | |  2.6

Action                   |  1- 3 |  4- 6 |  7- 9 || total
-------------------------+-------+-------+-------++-------
Melee: Short sword       |       |    12 |       ||    12
 Cast: Foxfire           |    75 |    81 |     9 ||   165
       Sticky Flame      |       |     1 |     2 ||     3
       Conjure Flame     |       |       |     1 ||     1
  Use: Scroll            |     2 |     3 |       ||     5
       Potion            |       |     1 |     1 ||     2
Armor: Robe              |     5 |     7 |     1 ||    13
Dodge: Dodged            |    10 |    17 |     6 ||    33

Table legend: (Time is in decaauts)
 A = Elapsed time spent in this place.
 B = Non-inter-level travel time spent in this place.
 C = Inter-level travel time spent in this place.
 D = Time resting spent in this place.
 E = Time spent auto-exploring this place.
 F = Levels seen in this place.
 G = Mean time per level.
                   A        B        C        D        E       F      G
               +--------+--------+--------+--------+--------+-----+--------+
         Total |   4806 |   4732 |     74 |      0 |   4241 |   5 |  961.2 |
       Dungeon |   4806 |   4732 |     74 |      0 |   4241 |   5 |  961.2 |
               +--------+--------+--------+--------+--------+-----+--------+

Top non-repeatable levels by time:
     D:3: 1362 daAuts
     D:2: 1356 daAuts
     D:1: 1274 daAuts
     D:5: 667 daAuts
     D:4: 145 daAuts
